 Dungeon Crawl Stone Soup version 0.28.0-1-gb440e238dd (webtiles) character file.

Game seed: 3457085547839846098

4074 tilp the Covert (level 10, 48/48 HPs)
             Began as a Felid Ice Elementalist on Feb 20, 2022.
             Was a Priest of Vehumet.
             Quit the game on level 11 of the Dungeon.
             The game lasted 00:29:35 (16286 turns).

tilp the Covert (Felid Ice Elementalist)           Turns: 16286, Time: 00:29:36

Health: 48/48      AC:  2    Str:  6    XL:     10   Next: 5%
Magic:  19/19      EV: 23    Int: 31    God:    Vehumet [***...]
Gold:   871        SH:  0    Dex: 19    Spells: 4/19 levels left
                                        Lives:  0   Deaths: 3

rFire   . . .      SeeInvis +     - Unarmed
rCold   . . .      Faith    .   (shield unavailable)
rNeg    + . .      Spirit   .   (armour unavailable)
rPois   .          Reflect  .   (helmet unavailable)
rElec   .          Harm     .   (cloak unavailable)
rCorr   .          Rampage  .   (gloves unavailable)
Will    ++...                   (boots unavailable)
Stlth   +++++.....              u - amulet of the Visionary {rN+ Regen+ Str+2 Int+4 Dex+2}
HPRegen 0.96/turn               r - ring of willpower
MPRegen 0.16/turn               t - +6 ring of intelligence

@: studying Stealth, quick
A: very small, claws 1, fangs 3, see invisible, speed 1, shaggy fur 2, stealthy
paws, no weapons or thrown items, no armour, multi-lived
a: Renounce Religion


You were on level 11 of the Dungeon.
You worshipped Vehumet.
Vehumet was most pleased with you.
You visited 1 branch of the dungeon, and saw 11 of its levels.
You also visited: Sewer and Bailey.

You collected 1027 gold pieces.
You spent 156 gold pieces at shops.

Inventory:

Jewellery
 i - a +6 ring of strength
 m - an amulet of faith
 r - a ring of willpower (left paw)
 t - a +6 ring of intelligence (right paw)
 u - the amulet of the Visionary (around neck) {rN+ Regen+ Str+2 Int+4 Dex+2}
   (You acquired it on level 8 of the Dungeon)

   [amulet of regeneration]

   Str:       It affects your strength (+2).
   Int:       It affects your intelligence (+4).
   Dex:       It affects your dexterity (+2).
   rN:        It protects you from negative energy.
   Regen:     It increases your rate of health regeneration.
Wands
 b - a wand of charming (8)
 p - a wand of flame (25)
 w - a wand of paralysis (11)
 y - a wand of iceblast (7)
 z - a wand of digging (4)
 A - a wand of mindburst (11)
 B - a wand of acid (5)
Scrolls
 a - 3 scrolls of fog
 d - 5 scrolls of teleportation
 n - 5 scrolls of identify
 q - 3 scrolls of blinking
 v - a scroll of silence
 x - 2 scrolls of fear
Potions
 c - 4 potions of heal wounds
 e - a potion of haste
 f - 2 potions of flight
 g - 2 potions of brilliance
 h - 2 potions of might
 j - a potion of resistance
 k - 3 potions of curing
 l - a potion of mutation
 o - a potion of magic
 s - 2 potions of lignification
 C - 2 potions of ambrosia {unknown}


   Skills:
 - Level 8.0 Fighting
 - Level 8.0 Dodging
 - Level 10.0 Stealth
 - Level 6.0 Unarmed Combat
 + Level 5.4 Spellcasting
 + Level 4.5 Conjurations
 + Level 5.2 Hexes
 + Level 8.3 Ice Magic
 + Level 2.2 Evocations


You had 4 spell levels left.
You knew the following spells:

 Your Spells              Type           Power      Damage    Failure   Level
a - Freeze                Ice            100%       1d11      1%          1
b - Frozen Ramparts       Ice            100%       1d12      1%          3
c - Ozocubu's Armour      Ice            56%        N/A       1%          3
d - Hailstorm             Conj/Ice       48%        3d11      1%          4
e - Searing Ray           Conj           72%        2d7       1%          2
f - Ensorcelled Hibernat  Hex/Ice        100%       N/A       1%          2

Your spell library contained the following spells:

 Spells                   Type           Power      Damage    Failure   Level
 Static Discharge         Conj/Air       22%        N/A       1%          2
 Magic Dart               Conj           100%       1d8       1%          1
 Slow                     Hex            100%       N/A       1%          1
 Confusing Touch          Hex            40%        N/A       1%          3
 Tukima's Dance           Hex            40%        N/A       1%          3
 Fulminant Prism          Conj/Hex       19%        3d11      1%          4
 Scorch                   Fire           16%        2d6       2%          2
 Animate Skeleton         Necr           16%        N/A       5%          1
 Pain                     Necr           32%        1d5       5%          1
 Flame Wave               Conj/Fire      22%        2d7       5%          4
 Spider Form              Tmut/Pois      8%         N/A       16%         3
 Vampiric Draining        Necr           8%         2d6       16%         3
 Anguish                  Hex/Necr       12%        N/A       19%         4
 Iskenderun's Battlesphe  Conj           36%        2d9       6%          5
 Iron Shot                Conj/Erth      11%        9d3       58%         6
 Spellforged Servitor     Conj/Summ      11%        N/A       98%         7
 Enfeeble                 Hex            20%        N/A       99%         7
 Summon Cactus Giant      Summ           4%         N/A       100%        6


Dungeon Overview and Level Annotations

Branches:
Dungeon (11/15)            Temple (0/1) D:7             Orc (0/2) D:9
  Sewer (visited)          Bailey (visited)
   Lair: D:8-11

Altars:
Vehumet

Shops:
D:3 (   D:7 *   D:10 ?

Annotations:
D:3 Grinder
D:4 Eustachio
D:5 exclusion: statue
D:8 exclusion: hornet
D:10 exclusion: 3 death yaks, Psyche


Innate Abilities, Weirdness & Mutations

You have sharp claws.
You have razor-sharp teeth.
You have supernaturally acute eyesight. (SInv)
You cover ground quickly. (Speed+)
You are covered in thick fur. (AC +2)
Your paws help you pounce on unaware monsters.
You are incapable of wielding weapons or throwing items.
You cannot wear armour.
You gain extra lives every three experience levels.


Message History

There are monsters nearby!
Unknown command.
The wall freezes the wolf spider!
The wolf spider barely misses you. The wolf spider bites you.
Unknown command.
You closely miss the wolf spider.
You bite the wolf spider, but do no damage.
The wolf spider is lightly wounded.
The wall freezes the wolf spider.
The wolf spider hits you! The wolf spider completely misses you.
The boulder beetle barely misses you.
The boulder beetle stops rolling and uncurls.
Unknown command.
You claw the wolf spider!
The wolf spider is moderately wounded.
The wall freezes the wolf spider but does no damage.
The wolf spider barely misses you. x2; The boulder beetle leaps!
Unknown command.
You closely miss the wolf spider.
The wolf spider is moderately wounded.
The frozen ramparts melt away.
The wolf spider completely misses you.
The wolf spider closely misses you. x2; The wolf spider bites you!
You are poisoned.
The wolf spider poisons you!
Unknown command.
Your icy armour will break if you move.
Continue?
Your icy armour cracks and falls away as you move.
You feel very sick. The wolf spider closely misses you.
The wolf spider completely misses you.
You feel very sick.
You feel very sick. The wolf spider hits you!!
You die...
The wolf spider bites you.
You are now level 10!
You rejoin the land of the living...
Found a plate armour and a ring of see invisible.
Unknown command.
Unknown command.
Unknown command.
Are you sure you want to abandon this character and quit the game? (Confirm with "yes".)

..# #.#
#.# #.# #
#.#
#..####.#
#.......#
.......@#
........#
[.......#
........#
........#
........#
.....=..#
........#


There were no monsters in sight!

Vanquished Creatures
  A two-headed ogre (D:9)
  Pikel (D:6)
  An orc knight (Bailey)
  An unseen horror (D:11)
  2 shadows
  A wraith (D:10)
  3 wyverns
  12 yaks (D:10)
  2 steam dragons (D:10)
  4 wargs (D:9)
  Edmund (D:6)
  3 water moccasins
  8 orc warriors
  2 necrophages
  An ogre (D:4)
  A centaur (D:9)
  2 lemures (D:6)
  12 kobold brigands
  2 bullfrogs
  A gnoll sergeant (D:9)
  3 scorpions
  5 wights (D:9)
  4 centaur zombies
  2 orc priests
  A hound (D:5)
  A jelly (D:5)
  3 bullfrog skeletons (D:6)
  Crazy Yiuf (D:6)
  9 orc wizards
  3 iguanas
  2 hound zombies (D:3)
  A hound skeleton (D:3)
  A howler monkey zombie (D:9)
  14 gnolls
  5 adders
  A river rat (Sewer)
  2 shadow imps (D:6)
  A white imp (D:7)
  An ufetubus (D:4)
  2 adder skeletons (D:4)
  4 worms
  A dart slug (D:2)
  28 orcs
  An endoplasm (D:4)
  A giant cockroach (D:3)
  6 goblins
  7 hobgoblins
  9 jackals
  30 kobolds
  3 quokkas
  5 ball pythons
  A bat (D:1)
  14 frilled lizards
  5 rats
238 creatures vanquished.

Notes
Turn   | Place    | Note
-------+----------+-------------------------------------------
     0 | D:1      | tilp the Felid Ice Elementalist began the quest for the
                  | Orb.
     0 | D:1      | Reached XP level 1. HP: 7/7 MP: 4/4
   370 | D:1      | Found Kaigoxag's Magic Scroll Emporium.
   587 | D:1      | You fall into a shaft and drop 1 floor!
   591 | D:2      | Noticed a scorpion
   617 | D:2      | Reached XP level 2. HP: 11/11 MP: 3/6
  1399 | D:1      | Bought a scroll of identify for 24 gold pieces
  1441 | D:2      | Reached XP level 3. HP: 14/14 MP: 4/7
  1449 | D:2      | Learned a level 3 spell: Frozen Ramparts
  1535 | D:1      | Bought a scroll of teleportation for 36 gold pieces
  1594 | D:2      | Learned a level 3 spell: Ozocubu's Armour
  2500 | D:1      | Reached XP level 4. HP: 18/18 MP: 2/9
  3167 | D:2      | Reached skill level 5 in Ice Magic
  3177 | D:2      | Reached XP level 5. HP: 21/21 MP: 0/10
  3277 | D:2      | Learned a level 2 spell: Ensorcelled Hibernation
  3295 | D:3      | Noticed Grinder
  3326 | D:3      | Found a glowing drain.
  3424 | Sewer    | Entered a sewer
  3941 | Sewer    | Gained mutation: You are covered in thick fur. (AC +2)
                  | [Felid growth]
  3941 | Sewer    | Reached XP level 6. HP: 25/25 MP: 2/11
  4021 | Sewer    | Found a white marble altar of Elyvilon.
  4105 | D:3      | Found Edel's Antique Weapon Boutique.
  4182 | D:3      | Reached skill level 1 in Fighting
  4182 | D:3      | Reached skill level 3 in Stealth
  4182 | D:3      | Reached skill level 1 in Unarmed Combat
  4751 | D:1      | Bought a scroll of noise for 12 gold pieces
  4751 | D:1      | Bought a scroll of fog for 24 gold pieces
  4802 | D:4      | Found Fopac's General Store.
  4819 | D:4      | Mangled by an ogre
  4820 | D:4      | Reached XP level 5. HP: -6/22 MP: 10/10
  4948 | D:4      | Killed an ogre
  4949 | D:4      | Reached XP level 6. HP: 26/26 MP: 0/11
  5627 | D:4      | Noticed Eustachio
  6253 | D:5      | Entered Level 5 of the Dungeon
  6371 | D:5      | Reached skill level 4 in Stealth
  6525 | D:5      | Reached XP level 7. HP: 30/30 MP: 1/12
  6750 | D:5      | Found a radiant altar of Vehumet.
  6757 | D:5      | Became a worshipper of Vehumet
  7159 | D:5      | Reached skill level 5 in Stealth
  7874 | D:1      | Bought a scroll of teleportation for 36 gold pieces
  7874 | D:1      | Bought a scroll of identify for 24 gold pieces
  8098 | D:5      | Learned a level 2 spell: Searing Ray
  8342 | D:6      | Reached skill level 6 in Stealth
  8342 | D:6      | Noticed Pikel
  8441 | D:6      | Reached skill level 1 in Conjurations
  8441 | D:6      | Reached XP level 8. HP: 36/36 MP: 2/13
  8923 | D:6      | Noticed Edmund
  9458 | D:6      | Killed Edmund
  9586 | D:6      | Found a runed translucent door.
  9589 | D:6      | Noticed Crazy Yiuf
  9670 | D:6      | Killed from afar by Pikel
  9671 | D:6      | Reached XP level 7. HP: -1/30 MP: 0/13
  9753 | D:6      | Killed Pikel
  9754 | D:6      | Reached XP level 8. HP: 31/36 MP: 2/15
  9939 | D:6      | Killed Crazy Yiuf
 10611 | D:7      | Found Musud's Neck Hole.
 10748 | D:7      | Found a staircase to the Ecumenical Temple.
 11060 | D:8      | Reached skill level 5 in Spellcasting
 11326 | D:8      | Reached * piety under Vehumet
 11326 | D:8      | Offered knowledge of Foxfire by Vehumet.
 11326 | D:8      | Identified the +4 ring mail of Philately {Harm +Blink Dex-4
                  | Stlth-}
 11766 | D:8      | Noticed a hornet
 11857 | D:8      | Reached XP level 9. HP: 35/39 MP: 10/17
 11946 | D:8      | Learned a level 4 spell: Hailstorm
 12280 | D:8      | Reached skill level 7 in Stealth
 12770 | D:8      | Identified a scroll of acquirement
 12770 | D:8      | Acquired the amulet of the Visionary {rN+ Regen+ Str+2
                  | Int+4 Dex+2}
 12969 | D:9      | Found a staircase to the Orcish Mines.
 13018 | D:9      | Reached skill level 5 in Fighting
 13114 | D:9      | Noticed a two-headed ogre
 13191 | D:9      | Reached skill level 5 in Dodging
 13226 | D:9      | Found a flagged portal.
 13276 | D:9      | Reached skill level 8 in Stealth
 13363 | Bailey   | Entered a bailey
 13441 | Bailey   | Identified the +6 plate armour "Weyhuf" {rF+ Str+3}
 13484 | Bailey   | Reached ** piety under Vehumet
 13484 | Bailey   | Offered knowledge of Sandblast by Vehumet.
 13751 | Bailey   | Noticed an orc knight
 13788 | Bailey   | Killed an orc knight
 13789 | Bailey   | Reached skill level 9 in Stealth
 13789 | Bailey   | Reached skill level 5 in Unarmed Combat
 13910 | Bailey   | Reached XP level 10. HP: 45/45 MP: 1/18
 14056 | Bailey   | Found a bloodstained altar of Trog.
 14525 | D:9      | Killed a two-headed ogre
 14526 | D:9      | Reached skill level 10 in Stealth
 15072 | D:10     | Entered Level 10 of the Dungeon
 15209 | D:10     | Reached skill level 1 in Evocations
 15223 | D:10     | Offered knowledge of Static Discharge by Vehumet.
 15500 | D:10     | Noticed a death yak
 15523 | D:10     | Noticed a death yak
 15549 | D:10     | Found Lad Sauf's Magic Scroll Boutique.
 15566 | D:10     | Noticed Psyche
 15715 | D:10     | Reached skill level 5 in Hexes
 15716 | D:10     | Reached *** piety under Vehumet
 15864 | D:10     | Noticed a death yak
 16093 | D:11     | Noticed a boulder beetle
 16216 | D:11     | Noticed a two-headed ogre
 16219 | D:11     | Reached XP level 11. HP: 47/51 MP: 8/20
 16273 | D:11     | Noticed a wolf spider
 16285 | D:11     | Slain by a wolf spider (shapeshifter)
 16286 | D:11     | Reached XP level 10. HP: 0/48 MP: 1/19
 16286 | D:11     | Quit the game

Illustrated notes

Levels and vault maps discovered:
D:1:      elethiomel_arrival_infinity_welcomes_careful_drivers,
          layout_loops_ring, serial_shops, nicolae_square_shop
D:2:      layout_rooms, serial_park_tiny_2, minmay_lizard_pond
D:3:      layout_rooms, cheibrodos_sewer_entry_bend, serial_undead,
          serial_undead_f, serial_undead_f, serial_undead_e, serial_undead_c,
          serial_undead_e, serial_undead_c, serial_shops, nicolae_shop_crystal,
          uniq_grinder
D:4:      layout_loops_cross, serial_shops, shop_fountains,
          kennysheep_minor_cross, patterned_corridor, uniq_eustachio
D:5:      layout_cave_pods, vehumet_statue
D:6:      minmay_evil_eye, layout_loops_ring, uniq_crazy_yiuf_cottage,
          uniq_pikel, uniq_edmund
D:7:      layout_loops_cross, minmay_temple_entry_slanted,
          nicolae_shop_sticking_my_neck_out
D:8:      layout_layer_cave, dk_noncrumbling_3, hangedman_decor_opposing
D:9:      layout_basic, david_orc_1_choice, enter_bailey_5
D:10:     layout_basic, dpeg_lair_monsters, serial_shops, shop, serial_rivers,
          chequers_serial_rivers_micro_e, chequers_serial_rivers_micro_a,
          chequers_serial_rivers_large_b, chequers_serial_rivers_small_a,
          chequers_serial_rivers_small_a, chequers_serial_rivers_large_a,
          item_on_display_a, uniq_psyche
D:11:     layout_small_grid, serial_shops, nicolae_shop_advertising_works
          [nicolae_subvault_shop_adworks]

Skill      XL: |  1  2  3  4  5  6  7  8  9 10 |
---------------+-------------------------------+-----
Ice Magic      | 4 5 6 8 |  8.3
Spellcasting   | 3 4 5 |  5.4
Hexes          | 2 4 3 5 |  5.2
Fighting       | 2 4 6 8 |  8.0
Dodging        | 4 5 8 |  8.0
Stealth        | 4 6 9 10 | 10.0
Unarmed Combat | 2 4 5 6 |  6.0
Conjurations   | 4 2 |  4.5
Evocations     | 2 |  2.2

Action                   |  1- 3 |  4- 6 |  7- 9 | 10-12 || total
-------------------------+-------+-------+-------+-------++-------
Melee: Unarmed           |    24 |    76 |    89 |    20 ||   209
       Bite              |       |    18 |    13 |     3 ||    34
       Punch             |       |     3 |     4 |       ||     7
 Cast: Freeze            |    35 |    33 |    67 |    13 ||   148
       Frozen Ramparts   |     6 |    20 |    41 |    12 ||    79
       Ozocubu's Armour  |     2 |    15 |    32 |     9 ||    58
       Ensorcelled Hiber |       |     4 |       |     1 ||     5
       Searing Ray       |       |       |    28 |    16 ||    44
       Hailstorm         |       |       |     6 |     4 ||    10
Evoke: Wand              |       |       |     3 |       ||     3
  Use: Scroll            |     1 |     6 |     9 |     2 ||    18
       Potion            |       |       |     1 |       ||     1
 Stab: Sleeping          |     8 |     5 |     5 |     3 ||    21
Armor: Skin              |     1 |    31 |    19 |     9 ||    60
Dodge: Dodged            |    23 |   110 |   187 |    67 ||   387
